 Dungeon Crawl Stone Soup version 0.20.1-1-g8b1a95d66d (webtiles) character file.

4421 Pixllover the Spear-Bearer (level 10, -11/91 HPs)
             Began as a Minotaur Berserker on Jan 13, 2018.
             Was an Elder of Trog.
             Mangled by an orc warrior
             ... wielding a +0 mace
              (18 damage)
             ... on level 9 of the Dungeon.
             The game lasted 00:21:44 (7515 turns).

Pixllover the Spear-Bearer (Minotaur Berserker)     Turns: 7515, Time: 00:21:45

Health: -11/91     AC:  9    Str: 26    XL:     10   Next: 14%
Magic:  9/9        EV: 14    Int:  4    God:    Trog [****..]
Gold:   108        SH:  0    Dex:  9    Spells: 9/9 levels left

rFire    + . .     SeeInvis .   l - +2 scythe
rCold    x . .     Gourm    +   (shield currently unavailable)
rNeg     . . .     Faith    .   d - +0 ring mail
rPois    .         Spirit   .   (helmet restricted)
rElec    .         Reflect  .   (no cloak)
rCorr    .         Harm     .   k - +0 pair of gloves
MR       .....                  g - +0 pair of boots
Stlth    +.........             r - amulet of the gourmand
Regen    0.3/turn               y - ring of fire
MPRegen  0.2/turn               (no ring)

@: berserk cooldown, slowed, very slow
A: retaliatory headbutt, horns 2
a: Berserk, Trog's Hand, Brothers in Arms, Burn Spellbooks, Renounce Religion


You were on level 9 of the Dungeon.
You worshipped Trog.
Trog was greatly pleased with you.
You were very full.

You visited 1 branch of the dungeon, and saw 9 of its levels.

You collected 355 gold pieces.
You spent 247 gold pieces at shops.

Inventory:

Hand Weapons
 a - a +1 short sword of draining
 l - a +2 scythe (weapon)
 p - a +0 morningstar
 B - a -3 trident
Missiles
 m - 8 javelins
 t - 32 poisoned needles (quivered)
Armour
 d - a +0 ring mail (worn)
 g - a +0 pair of boots (worn)
 k - a +0 pair of gloves (worn)
Jewellery
 r - an amulet of the gourmand (around neck)
 y - a ring of fire (left hand)
Wands
 j - a wand of digging (10/24)
 o - a wand of flame (33/48)
Scrolls
 e - 2 scrolls of identify
 s - a scroll of teleportation
 u - 5 scrolls of remove curse
Potions
 f - 2 potions of haste
 i - a potion of magic {unknown}
 n - 2 potions of curing
 q - a potion of invisibility {unknown}
Comestibles
 b - 3 chunks of flesh
 c - 4 bread rations
 h - 3 fruits
 v - a meat ration
 w - a royal jelly


   Skills:
 + Level 9.2 Fighting
 + Level 5.2 Short Blades
 + Level 8.8 Maces & Flails
 + Level 10.0 Polearms
 + Level 0.6 Throwing
 + Level 8.9 Armour
 + Level 7.6 Dodging
 + Level 1.2 Stealth


You had 9 spell levels left.
You didn't know any spells.

Dungeon Overview and Level Annotations

Branches:
Dungeon (9/15)             Temple (0/1) D:4
   Lair: D:8-11         Orc: D:9-12

Altars:

Shops:
D:8 [


Innate Abilities, Weirdness & Mutations

You reflexively headbutt those who attack you in melee.
You have a pair of horns on your head.


Message History

You feel a strong urge to attack something.
You are no longer berserk.
You are exhausted.
You feel yourself slow down.
Found a stone staircase leading up.
An orc warrior comes into view. It is wielding a mace.
The orc warrior moves out of view.
Tossing away (i - inventory. (,) - cycle):
t - 33 poisoned needles (quivered)
Press: ? - help, Shift-Dir - straight line, f - orc warrior
Aim: an orc warrior, wielding a mace, wearing a glowing plate armour and wearing a ring of fire You toss away a poisoned needle.
The poisoned needle hits the orc warrior.
Your black bear goes berserk!
You feel quite a bit less full. The orc warrior hits you with a mace!
* * * LOW HITPOINT WARNING * * *
An orc comes into view. It is wielding a club.
You feel better.
The orc shouts!
The orc warrior hits you with a mace!!
You die...

######### #.......#
#......@#
#######.....ho#
#.............#
#..........###.......
#.............(######
####..........##..<.
..............# o##
..........##...# ..
.........>.###.# ..


You could see an orc warrior, an orc and a friendly black bear (berserk).

Vanquished Creatures
  Prince Ribbit (D:7)
  Sigmund (D:2)
  A wyvern (D:9)
  A water moccasin (D:7)
  2 sky beasts
  2 orc warriors
  2 ice beasts
  A black bear (D:9)
  3 ogres (D:8)
  A centaur (D:7)
  A big kobold (D:7)
  4 bullfrogs
  A wyvern zombie (D:6)
  A wyvern skeleton (D:7)
  A water moccasin skeleton (D:9)
  4 howler monkeys
  A crimson imp (D:6)
  A centaur skeleton (D:8)
  6 orc priests
  5 hounds
  5 jellies
  Jessica (D:2)
  2 iguanas
  Natasha (twice) (D:3)
  Terence (D:2)
  6 worker ants
  4 orc wizards
  A hound skeleton (D:5)
  A howler monkey zombie (D:7)
  2 worker ant zombies (D:6)
  5 adders
  2 shadow imps
  An ooze (D:1)
  An adder skeleton (D:7)
  3 worms (D:2)
  6 dart slugs
  3 leopard geckos
  13 orcs
  4 bats
  6 giant cockroaches
  4 goblins
  4 hobgoblins
  11 kobolds
  4 quokkas
  2 ball pythons
  10 frilled lizards
  A jackal skeleton (D:7)
  2 jackal zombies
  A quokka skeleton (D:4)
  9 rats
157 creatures vanquished.

Notes
Turn   | Place    | Note
-------+----------+-------------------------------------------
     0 | D:1      | Pixllover the Minotaur Berserker began the quest for the Orb.
     0 | D:1      | Reached XP level 1. HP: 19/19 MP: 0/0
    63 | D:1      | Reached XP level 2. HP: 25/27 MP: 1/1
   974 | D:2      | Noticed Jessica
   976 | D:2      | Killed Jessica
   976 | D:2      | Reached XP level 3. HP: 33/33 MP: 2/2
  1095 | D:2      | Reached XP level 4. HP: 33/40 MP: 3/3
  1098 | D:2      | Noticed Terence
  1113 | D:2      | Killed Terence
  1113 | D:2      | Reached ** piety under Trog
  1113 | D:2      | Reached skill level 5 in Maces & Flails
  1151 | D:2      | Noticed Sigmund
  1166 | D:2      | Killed Sigmund
  1166 | D:2      | Reached skill level 5 in Fighting
  1166 | D:2      | Reached XP level 5. HP: 42/48 MP: 4/4
  1513 | D:2      | Reached XP level 6. HP: 56/56 MP: 5/5
  2147 | D:3      | Noticed Natasha
  2150 | D:3      | Killed Natasha
  2221 | D:3      | Noticed Natasha
  2228 | D:3      | Killed Natasha
  2228 | D:3      | Reached skill level 1 in Polearms
  2301 | D:4      | Reached skill level 2 in Polearms
  2583 | D:4      | Found a staircase to the Ecumenical Temple.
  2948 | D:4      | Reached *** piety under Trog
  3195 | D:4      | Reached XP level 7. HP: 59/61 MP: 6/6
  3303 | D:5      | Entered Level 5 of the Dungeon
  3317 | D:5      | Reached skill level 3 in Polearms
  3324 | D:5      | Reached skill level 5 in Armour
  3641 | D:5      | Reached skill level 4 in Polearms
  3641 | D:5      | Reached skill level 1 in Stealth
  4815 | D:6      | Reached XP level 8. HP: 62/70 MP: 7/7
  4821 | D:6      | Reached skill level 5 in Polearms
  4898 | D:6      | Reached skill level 5 in Short Blades
  4898 | D:6      | Reached skill level 8 in Polearms
  4898 | D:6      | Reached XP level 9. HP: 80/82 MP: 8/8
  5780 | D:7      | Reached **** piety under Trog
  5795 | D:7      | Noticed Prince Ribbit
  5806 | D:7      | Killed Prince Ribbit
  6139 | D:7      | Reached skill level 9 in Polearms
  6759 | D:8      | Found Ytemn's Antique Armour Shop.
  6784 | D:8      | Bought a pair of steaming gloves for 247 gold pieces
  6794 | D:8      | Identified the -5 pair of gloves "Ankuq" {rPois} (You bought it in a shop on level 8 of the Dungeon)
  7092 | D:8      | Reached XP level 10. HP: 65/91 MP: 9/9
  7502 | D:9      | Reached skill level 10 in Polearms
  7514 | D:9      | HP: 1/91 [orc warrior/mace (15)]
  7515 | D:9      | Mangled by an orc warrior

Skill      XL: |  1  2  3  4  5  6  7  8  9 10 |
---------------+-------------------------------+-----
Maces & Flails | 4 5 6 8 |  8.8
Fighting       | 4 5 8 9 |  9.2
Armour         | 3 4 5 8 |  8.9
Dodging        | 3 4 6 7 |  7.6
Polearms       | 2 4 8 9 10 | 10.0
Stealth        | 1 |  1.2
Short Blades   | 5 |  5.2
Throwing       | |  0.6

Action                   |  1- 3 |  4- 6 |  7- 9 | 10-12 || total
-------------------------+-------+-------+-------+-------++-------
Melee: Mace              |    45 |    12 |       |       ||    57
       Headbutt          |     7 |    16 |    44 |     3 ||    70
       Scythe            |       |   110 |   179 |    16 ||   305
       Morningstar       |       |       |    24 |       ||    24
Throw: Javelin           |       |       |     3 |       ||     3
Invok: Berserk           |       |     1 |     3 |     1 ||     5
       Burn Spellbooks   |       |       |     1 |       ||     1
       Trog's Hand       |       |       |     1 |       ||     1
       Brothers in Arms  |       |       |       |     1 ||     1
  Use: Scroll            |     3 |     1 |    10 |       ||    14
       Potion            |       |     3 |     6 |     1 ||    10
 Stab: Sleeping          |     1 |       |       |       ||     1
  Eat: Chunk             |     1 |    21 |    16 |     1 ||    39
Armor: Animal skin       |     5 |       |       |       ||     5
       Ring mail         |     7 |    68 |   119 |     3 ||   197
Dodge: Dodged            |    32 |   122 |   209 |    17 ||   380
